Map: Nightshade LE

Players

Roboroadkill

  • Race: Zerg Zerg
  • League: Master
  • Spawn Location: 5:00

WingZero - Winner!

  • Race: Protoss Protoss
  • Spawn Location: 11:00

VOD

Have the link to the VOD?

Description

Time

  • Played on: May 31, 2020, 2:26 p.m.
  • Length: 6:09
Show
View Real Time Build Order
Export as new Build Order

Roboroadkill Zerg 

Build Orders: Hatch First 

Get SALT Encoding   

  12  0:01  Drone  
  13  0:12  Overlord  
  13  0:16  Drone  
  14  0:31  Drone x2  
  16  0:48  Hatchery  
  15  0:51  Drone  
  15  0:55  Drone  
  17  0:58  Drone  
  18  1:08  Extractor  
  17  1:13  Spawning Pool  
  17  1:15  Drone  
  17  1:20  Drone  
  18  1:30  Drone  
  19  1:39  Overlord  
  19  1:50  Drone  
  20  2:00  Queen x2  
  24  2:01  Zergling x4  
  26  2:11  Drone  
  26  2:12  Drone  
  26  2:14  Metabolic Boost  
  28  2:22  Drone x2  
  30  2:37  Hatchery  
  30  2:42  Drone x2  
  30  2:43  Drone  
  32  2:47  Overlord  
  32  2:53  Queen  
  34  2:58  Drone  
  34  2:59  Drone  
  36  3:07  Overlord, Drone  
  36  3:12  Drone x3  
  40  3:15  Drone  
  40  3:19  Drone  
  42  3:29  Drone  
  42  3:30  Drone  
  42  3:33  Queen  
  46  3:42  Overlord  
  46  3:43  Drone x3  
  46  3:46  Extractor  
  46  3:47  Extractor, Drone x2  
  49  3:48  Roach Warren  
  49  3:50  Lair  
  49  3:53  Drone  
  49  3:59  Drone x2  
  51  4:03  Spore Crawler x2  
  51  4:05  Queen  
  52  4:17  Drone x3  
  52  4:19  Overlord  
  52  4:20  Spore Crawler  
  53  4:30  Roach  
  59  4:31  Roach x3  
  59  4:32  Roach  
  63  4:42  Roach x4  
  71  4:45  Overlord  
  71  4:48  Overlord  
  71  4:52  Zergling x2  
  72  4:57  Roach, Overseer  
  74  5:00  Overlord  
  74  5:08  Roach  
  74  5:09  Roach x2  
  74  5:10  Zergling x2  
  74  5:11  Zergling x2  
  77  5:25  Roach x5  
  80  5:29  Zergling x6  
  80  5:31  Zergling x2  
  80  5:32  Zergling x2  
  80  5:33  Zergling x2  
Show
View Real Time Build Order
Export as new Build Order

WingZero Protoss - Winner!

Build Orders: 1 Gate Expand 

Get SALT Encoding   

  12  0:00  Probe  
  13  0:13  Probe  
  14  0:20  Pylon  
  14  0:25  Probe  
  15  0:38  Probe (Chrono Boost)  
  15  0:39  Gateway  
  16  0:47  Probe (Chrono Boost)  
  17  0:50  Assimilator  
  17  0:52  Probe  
  18  1:04  Probe  
  19  1:16  Probe  
  20  1:28  Nexus  
  20  1:36  Cybernetics Core  
  21  1:40  Probe  
  21  1:45  Assimilator  
  21  1:52  Probe  
  22  1:54  Pylon  
  22  2:04  Probe  
  23  2:12  Adept (Chrono Boost)  
  25  2:16  Warp Gate, Probe  
  26  2:26  Robotics Facility  
  26  2:28  Probe  
  27  2:35  Stalker  
  29  2:40  Probe x2  
  31  2:52  Probe  
  31  2:53  Probe  
  33  3:04  Probe  
  33  3:05  Twilight Council, Probe  
  35  3:15  Gateway  
  35  3:16  Probe  
  35  3:17  Probe  
  37  3:24  Immortal (Chrono Boost)  
  41  3:38  Charge (Chrono Boost)  
  41  3:49  Gateway  
  41  3:51  Gateway  
  41  3:55  Warp Prism (Chrono Boost)  
  41  3:57  Gateway  
  43  4:06  Gateway  
  43  4:11  Gateway  
  43  4:14  Gateway  
  43  4:17  Pylon  
  43  4:18  Pylon  
  43  4:25  Zealot  
  43  4:26  Pylon  
  43  4:30  Pylon  
  45  4:37  Pylon  
  45  4:38  Pylon  
  45  4:40  Zealot  
  47  4:47  Pylon  
  47  4:53  Stalker  
  47  4:54  Zealot x3  
  55  5:01  Zealot x2  
  59  5:21  Zealot x6  
  67  5:36  Zealot  
  69  5:39  Zealot  
  69  5:42  Zealot x2  
  69  5:43  Zealot x3  
  69  5:49  Zealot  
  69  6:03  Zealot x2  
  69  6:04  Zealot x3  
Tags
 
Add a new tag
Caveats
  • Supply blocks, unpowered buildings, or Contaminate may cause inaccurate times.
  • Supply counts are checked every 10 seconds.